Map: Alcyone LE

Players

ASRALAIREEZ

  • Race: Protoss Protoss
  • League: Silver
  • Spawn Location: 1:00

xBenx

  • Race: Zerg Zerg
  • League: Gold
  • Spawn Location: 7:00

VOD

Have the link to the VOD?

Description

xBenx vs ASRALAIREEZ

Time

  • Played on: April 9, 2024, 3:13 p.m.
  • Length: 23:42
Show
View Real Time Build Order
Export as new Build Order

ASRALAIREEZ Protoss 

Build Orders:  

Get SALT Encoding   

  12  0:01  Probe (Chrono Boost)  
  13  0:11  Probe (Chrono Boost)  
  14  0:16  Probe (Chrono Boost)  
  15  0:24  Pylon  
  15  0:42  Probe  
  16  0:43  Forge  
  16  0:50  Gateway  
  16  0:56  Probe  
  17  1:02  Assimilator  
  17  1:10  Pylon  
  17  1:17  Assimilator  
  17  1:24  Photon Cannon  
  18  1:33  Probe (Chrono Boost)  
  18  1:40  Probe (Chrono Boost)  
  18  1:46  Photon Cannon  
  19  1:47  Probe  
  19  1:53  Cybernetics Core  
  20  2:01  Pylon  
  20  2:04  Probe (Chrono Boost)  
  22  2:16  Probe (Chrono Boost)  
  22  2:21  Probe (Chrono Boost)  
  22  2:22  Pylon  
  23  2:25  Zealot  
  25  2:31  Probe  
  26  2:43  Gateway  
  26  2:52  Stargate  
  26  2:56  Probe  
  27  3:04  Photon Cannon  
  27  3:05  Warp Gate (Chrono Boost)  
  27  3:08  Probe  
  28  3:31  Photon Cannon  
  28  3:34  Pylon  
  28  3:37  Robotics Facility  
  28  3:49  Probe  
  29  4:01  Probe  
  30  4:09  Robotics Facility  
  34  4:11  Void Ray  
  34  4:14  Probe (Chrono Boost)  
  35  4:20  Gateway  
  35  4:26  Probe (Chrono Boost)  
  36  4:31  Observer  
  37  4:50  Stalker  
  37  4:51  Stalker  
  41  5:13  Immortal  
  43  5:23  Stalker x2  
  44  5:49  Stalker x2  
  46  5:52  Immortal  
  50  6:09  Pylon  
  50  6:15  Probe (Chrono Boost)  
  51  6:21  Nexus  
  51  6:25  Assimilator  
  51  6:32  Assimilator  
  51  6:36  Probe  
  52  6:40  Immortal  
  56  7:23  Stalker x2  
  56  7:29  Stalker  
  62  7:56  Fleet Beacon  
  62  8:02  Stargate  
  62  8:05  Pylon  
  62  8:06  Stalker x2  
  62  8:07  Stalker  
  62  8:09  Probe  
  69  8:20  Immortal  
  69  8:21  Probe  
  74  8:33  Probe  
  75  8:50  Assimilator  
  75  8:51  Protoss Air Weapons Level 1  
  75  8:52  Nexus  
  75  8:57  Assimilator  
  75  9:56  Observer  
  75  10:02  Carrier  
  75  10:04  Carrier  
  75  10:07  Pylon  
  87  10:08  Probe (Chrono Boost)  
  87  10:11  Probe (Chrono Boost)  
  89  10:16  Probe (Chrono Boost)  
  89  10:20  Probe (Chrono Boost)  
  91  10:23  Probe (Chrono Boost)  
  91  10:27  Probe (Chrono Boost)  
  93  10:28  Probe (Chrono Boost)  
  106  11:24  Stalker  
  106  11:25  Stalker  
  93  12:13  Pylon  
  93  12:14  Pylon  
  93  12:15  Pylon x2  
  93  12:19  Pylon  
  93  12:21  Pylon x2  
  88  13:06  Pylon  
  79  13:40  Stalker  
  79  13:41  Stalker x2  
  79  13:48  Probe (Chrono Boost)  
  80  13:58  Probe (Chrono Boost)  
  80  13:59  Probe (Chrono Boost)  
  82  14:06  Probe (Chrono Boost)  
  82  14:07  Probe (Chrono Boost)  
  84  14:14  Probe  
  85  14:17  Stalker x2  
  85  14:18  Stalker  
  91  14:26  Probe  
  91  14:29  Stargate  
  91  14:30  Stargate x2  
  92  14:33  Robotics Facility  
  93  14:53  Probe (Chrono Boost)  
  93  15:00  Probe (Chrono Boost)  
  95  15:10  Probe (Chrono Boost)  
  95  15:11  Probe (Chrono Boost)  
  96  15:16  Probe x2 (Chrono Boost)  
  98  15:23  Immortal  
  98  15:27  Probe  
  103  15:39  Probe  
  95  16:01  Probe (Chrono Boost)  
  95  16:11  Probe (Chrono Boost)  
  95  16:16  Probe (Chrono Boost)  
  96  16:25  Fleet Beacon  
  96  16:28  Pylon, Probe  
  97  16:36  Pylon  
  97  16:40  Probe  
  98  16:53  Photon Cannon  
  98  16:55  Photon Cannon  
  98  16:56  Photon Cannon  
  98  16:58  Photon Cannon  
  98  17:04  Photon Cannon, Stalker x3  
  88  17:42  Stalker x3  
  94  17:52  Void Ray  
  92  18:08  Photon Cannon  
  92  18:11  Photon Cannon  
  92  18:12  Stalker  
  93  18:13  Stalker x2  
  93  18:29  Pylon x2  
  85  19:07  Pylon  
  85  19:10  Pylon  
  85  19:40  Pylon  
  85  19:43  Pylon  
  85  19:47  Pylon  
  85  19:58  Stalker  
  85  19:59  Stalker x2  
  91  20:05  Observer  
  95  20:11  Void Ray  
  95  20:26  Assimilator  
  95  20:28  Stalker  
  95  20:30  Nexus  
  95  20:31  Zealot  
  95  20:32  Zealot  
  95  20:35  Assimilator  
  99  21:04  Stalker  
  99  21:05  Stalker  
  99  21:07  Stalker  
  88  21:29  Stalker x2  
  88  21:31  Stalker  
  88  21:32  Void Ray  
  90  21:44  Probe  
  91  21:54  Robotics Facility  
  91  21:56  Probe  
  92  22:09  Probe  
  92  22:11  Twilight Council  
  93  22:21  Probe  
  80  22:33  Probe  
  81  22:54  Stalker  
  81  22:55  Stalker  
  81  22:56  Stalker  
Show
View Real Time Build Order
Export as new Build Order

xBenx Zerg 

Build Orders: Hatch First 

Get SALT Encoding   

  12  0:02  Drone  
  13  0:16  Overlord  
  13  0:22  Drone  
  14  0:35  Drone x2  
  16  0:51  Drone  
  17  0:57  Hatchery  
  16  1:05  Extractor  
  16  1:07  Drone  
  16  1:10  Extractor  
  16  1:20  Drone  
  16  1:24  Spawning Pool  
  16  1:25  Drone  
  17  1:27  Extractor  
  17  1:45  Drone  
  17  1:47  Overlord  
  18  1:56  Extractor  
  18  1:57  Drone x2  
  19  2:13  Spine Crawler  
  18  2:18  Drone x2, Spine Crawler  
  18  2:21  Queen  
  18  2:22  Metabolic Boost  
  21  2:34  Drone  
  22  2:50  Spore Crawler  
  21  2:56  Drone x2  
  23  2:59  Lair  
  23  3:05  Roach Warren  
  22  3:11  Zergling x2  
  23  3:22  Spine Crawler  
  23  3:25  Drone x2  
  23  3:26  Spore Crawler  
  23  3:32  Zergling x4  
  25  4:00  Roach x2  
  25  4:01  Overlord  
  29  4:36  Nydus Network  
  27  4:45  Ravager x2  
  27  4:47  Zergling x4, Roach  
  31  5:08  Spore Crawler  
  30  5:15  Nydus Canal  
  30  5:21  Spore Crawler  
  30  5:23  Drone x2, Spore Crawler  
  28  5:44  Queen  
  27  5:54  Overlord x2  
  27  6:08  Overlord  
  27  6:14  Roach x5  
  27  6:16  Overlord  
  37  6:26  Ravager  
  37  6:30  Zergling x2  
  39  6:35  Ravager x3  
  39  6:36  Ravager x2  
  44  6:53  Nydus Canal  
  44  7:15  Zergling x10  
  48  7:16  Zergling x2  
  47  7:50  Drone x2  
  47  7:51  Drone x3  
  52  7:54  Infestation Pit  
  52  7:56  Hydralisk Den  
  50  8:09  Hatchery  
  49  8:24  Drone x3  
  52  8:37  Drone x2  
  54  8:45  Spine Crawler  
  54  8:47  Spore Crawler  
  54  8:48  Extractor  
  51  8:51  Hive  
  51  8:54  Nydus Canal  
  51  9:27  Nydus Canal  
  51  9:32  Grooved Spines  
  51  9:36  Lurker Den  
  51  9:37  Spore Crawler  
  49  9:47  Overlord  
  49  10:12  Evolution Chamber  
  49  10:13  Zergling x6, Roach x2  
  55  10:14  Evolution Chamber  
  55  10:21  Drone  
  56  10:28  Drone  
  56  11:00  Drone x4  
  56  11:01  Spine Crawler  
  56  11:03  Drone x3  
  62  11:10  Nydus Canal  
  61  11:25  Nydus Canal  
  50  12:06  Zergling x14  
  50  12:07  Zergling x10  
  61  12:12  Drone  
  62  12:20  Zergling x8  
  62  12:21  Zergling x4  
  68  12:26  Adaptive Talons  
  48  12:37  Hatchery  
  47  12:53  Hatchery  
  45  13:06  Nydus Canal  
  43  13:16  Zergling x8, Hydralisk x4  
  43  13:17  Zergling x2  
  48  13:35  Drone  
  48  13:48  Hatchery  
  47  13:50  Nydus Canal  
  47  14:03  Queen  
  47  14:08  Zerg Ground Armor Level 1  
  47  14:09  Zerg Melee Weapons Level 1  
  49  14:10  Drone  
  50  14:20  Pneumatized Carapace, Burrow  
  50  14:30  Overlord  
  50  14:31  Overlord  
  49  14:44  Drone x2  
  49  14:45  Drone  
  52  15:04  Nydus Canal  
  52  15:11  Drone x6  
  52  15:12  Drone  
  59  15:19  Nydus Canal  
  59  15:33  Drone x3, Queen  
  62  15:57  Adrenal Glands  
  57  16:08  Extractor  
  57  16:09  Drone x3  
  59  16:11  Extractor  
  59  16:13  Extractor  
  57  16:23  Nydus Canal  
  57  16:31  Drone x3  
  60  16:37  Hydralisk x2  
  60  16:38  Zergling x10, Hydralisk x5  
  60  16:39  Zergling x8  
  83  16:46  Nydus Canal  
  82  16:57  Hatchery  
  75  17:02  Nydus Canal  
  75  17:07  Queen  
  75  17:14  Spore Crawler  
  71  17:26  Zergling x2  
  71  17:27  Zergling x14  
  71  17:28  Zergling x4  
  77  17:32  Lair  
  77  17:35  Hydralisk Den  
  76  17:41  Overlord x2  
  57  18:18  Drone x3  
  59  18:21  Queen  
  59  18:24  Lurker  
  33  19:07  Hydralisk x6  
  33  19:08  Hydralisk x8  
  33  19:09  Hydralisk  
  63  19:18  Drone x2  
  63  19:19  Drone x2  
  67  19:26  Spawning Pool  
  66  19:35  Evolution Chamber  
  65  19:39  Drone x3  
  68  19:47  Overlord  
  68  19:53  Nydus Network  
  67  20:06  Muscular Augments  
  67  20:16  Drone x2  
  50  21:31  Zergling x2  
  50  21:32  Zergling x36  
  55  22:03  Hatchery  
  55  22:07  Hatchery  
  1  23:22  Drone  
Tags
 
Add a new tag
Caveats
  • Supply blocks, unpowered buildings, or Contaminate may cause inaccurate times.
  • Supply counts are checked every 10 seconds.